 Dungeon Crawl Stone Soup version 0.28-a0-1524-ge72afd5fc6 (webtiles) character file.

Game seed: 1834990568574490898

75 fragbeetle the Digger (level 4, -2/25 HPs)
             Began as a Gargoyle Earth Elementalist on Jan 18, 2022.
             Slain by a gnoll (13 damage)
             ... on level 2 of the Dungeon.
             The game lasted 00:03:56 (1824 turns).

fragbeetle the Digger (Gargoyle Earth Elementalist) Turns: 1824, Time: 00:03:57

Health: -2/25      AC:  6    Str: 11    XL:     4   Next: 31%
Magic:  1/7        EV: 11    Int: 16    God:
Gold:   60         SH:  0    Dex: 12    Spells: 3/7 levels left

rFire   . . .      SeeInvis .   i - +2 whip (drain)
rCold   . . .      Faith    .   (no shield)
rNeg    + . .      Spirit   .   h - +0 leather armour
rPois   ∞          Reflect  .   (no helmet)
rElec   +          Harm     .   (no cloak)
rCorr   .          Rampage  .   (no gloves)
Will    .....                   (no boots)
Stlth   ++........              (no amulet)
HPRegen 0.08/turn               (no ring)
MPRegen 0.10/turn               (no ring)

@: no status effects
A: sickness immunity, AC +3, negative energy resistance 1, electricity
resistance, torment resistance 1, petrification resistance
a: no special abilities


You were on level 2 of the Dungeon.
You visited 1 branch of the dungeon, and saw 2 of its levels.

You collected 60 gold pieces.

Inventory:

Hand Weapons
 d - a +0 quarterstaff
 i - a +2 whip of draining (weapon)
Missiles
 c - 66 stones
Armour
 b - a +0 robe
 h - a +0 leather armour (worn)
Scrolls
 a - 2 scrolls of teleportation {unknown}
 g - 2 scrolls of identify {unknown}
Potions
 e - a potion of degeneration {unknown}
 f - 2 potions of resistance {unknown}


   Skills:
 + Level 1.4 Fighting
 + Level 1.1 Staves
 + Level 0.6 Armour
 + Level 2.0 Dodging
 - Level 2.1 Stealth
 + Level 2.4 Spellcasting
 - Level 1.0 Transmutations
 * Level 4.5 Earth Magic


You had 3 spell levels left.
You knew the following spells:

 Your Spells              Type           Power      Damage    Failure   Level
a - Sandblast             Erth           32%        2d9       4%          1
b - Stone Arrow           Conj/Erth      18%        3d8       30%         3

Your spell library contained the following spells:

 Spells                   Type           Power      Damage    Failure   Level
 Passwall                 Tmut/Erth      8%         N/A       13%         2
 Animate Skeleton         Necr           2%         N/A       26%         1
 Apportation              Tloc           2%         N/A       26%         1
 Summon Small Mammal      Summ           4%         N/A       26%         1
 Petrify                  Tmut/Erth      10%        N/A       63%         4
 Airstrike                Air            0%         N/A       95%         4
 Summon Lightning Spire   Summ/Air       1%         N/A       95%         4
 Lightning Bolt           Conj/Air       0%         1d11      100%        5


Dungeon Overview and Level Annotations

Branches:
Dungeon (2/15)

Altars:


Innate Abilities, Weirdness & Mutations

You are immune to sickness and miasma.
Your stone body is resilient. (AC +3)
You are immune to poison.
You resist negative energy. (rN+)
You are resistant to electric shocks. (rElec)
You are resistant to unholy torment.
You are immune to petrification.


Message History

The gnoll barely misses you.
The gnoll hits you from afar with a +0 spear.
The blast of sand hits the gnoll.
You kill the gnoll!
The gnoll hits you but does no damage.
Your Staves skill increases to level 1!
You have reached level 4!
You feel clever.
The blast of sand hits the gnoll!
The gnoll is heavily wounded.
The gnoll hits you from afar with a +0 spear.
The blast of sand hits the gnoll!
You kill the gnoll!
Your Dodging skill increases to level 2!
The blast of sand hits the gnoll.
The gnoll is lightly wounded.
The gnoll barely misses you.
The blast of sand misses the gnoll.
The gnoll hits you from afar with a +0 halberd.
The blast of sand hits the gnoll.
The gnoll is heavily wounded.
The gnoll hits you from afar with a +0 halberd.
You are too injured to fight recklessly!
Unknown command.
You are too injured to fight recklessly!
Casting: Sandblast (safe; 4% risk of failure)
Confirm with . or Enter, or press ? or * to list all spells.
You don't have enough magic to cast this spell.
Unknown command.
You see here an adder corpse.
Casting: Sandblast (safe; 4% risk of failure)
Confirm with . or Enter, or press ? or * to list all spells.
Aiming: Sandblast (safe; 4% risk of failure)
Press: ? - help, Shift-Dir - straight line, f/p - gnoll
Aim: a gnoll, wielding a +0 halberd (moderately wounded, 82% to hit)
The blast of sand hits the gnoll.
The gnoll is almost dead.
The gnoll hits you from afar with a +0 halberd!
Ouch! That really hurt!
You die...

#.# #.# #.# #.# .# #.# ###+#.##
#.# #....... ########## #.#
#.#<#.######
#....†...####.####.#........####
#.##....g.g.gg.@................
#.##.###.####.##.#.#..###.#.####
#.##.# #.# #.........†....#.#
#g##.# #.# #######.#.######.#
#.##>. ... ........#........####
#g######## .########..##.......#
#...)gg.g# #.......♣.♣..#
########.# #......♣.♣.♣.#
....g...# #.......♣_♣..#


You could see 2 gnolls, a hobgoblin and a goblin.

Vanquished Creatures
  2 gnolls (D:2)
  An adder (D:2)
  A worm (D:2)
  A dart slug (D:1)
  4 endoplasms
  A giant cockroach (D:1)
  A goblin (D:1)
  4 hobgoblins
  9 jackals (D:1)
  4 kobolds
  2 quokkas
  5 bats
  2 frilled lizards (D:1)
37 creatures vanquished.

Notes
Turn   | Place    | Note
-------+----------+-------------------------------------------
     0 | D:1      | fragbeetle the Gargoyle Earth Elementalist began the quest
                  | for the Orb.
     0 | D:1      | Reached XP level 1. HP: 10/10 MP: 3/3
    99 | D:1      | Reached XP level 2. HP: 16/16 MP: 5/5
   186 | D:1      | Reached skill level 1 in Transmutations
   314 | D:1      | Reached skill level 4 in Earth Magic
   617 | D:1      | Reached skill level 1 in Fighting
   656 | D:1      | Reached XP level 3. HP: 20/20 MP: 6/6
  1485 | D:2      | Learned a level 3 spell: Stone Arrow
  1534 | D:2      | Found a faded altar of an unknown god.
  1798 | D:2      | Reached skill level 1 in Staves
  1798 | D:2      | Reached XP level 4. HP: 18/25 MP: 4/7
  1824 | D:2      | Slain by a gnoll

Illustrated notes

Levels and vault maps discovered:
D:1:      nzn_arrival_water_spiral, layout_loops_corners
D:2:      layout_basic, chequers_ecumenical_altar_simple_redux, uniq_sigmund

Skill      XL: |  1  2  3  4 |
---------------+-------------+-----
Transmutations | 1 |  1.0
Earth Magic    | 4 |  4.5
Fighting       | 1 |  1.4
Staves         | 1 |  1.1
Dodging        | 2 |  2.0
Armour         | |  0.6
Stealth        | |  2.1
Spellcasting   | |  2.4

Action                   |  1- 3 |  4- 6 || total
-------------------------+-------+-------++-------
Melee: Quarterstaff      |    89 |       ||    89
       Whip              |    15 |       ||    15
       Punch             |     1 |       ||     1
 Cast: Sandblast         |    17 |     6 ||    23
 Stab: Sleeping          |     5 |       ||     5
Armor: Robe              |    32 |       ||    32
       Leather armour    |     8 |       ||     8
Dodge: Dodged            |    93 |     1 ||    94

Table legend: (Time is in decaauts)
 A = Elapsed time spent in this place.
 B = Non-inter-level travel time spent in this place.
 C = Inter-level travel time spent in this place.
 D = Time resting spent in this place.
 E = Time spent auto-exploring this place.
 F = Levels seen in this place.
 G = Mean time per level.
                   A        B        C        D        E       F      G
               +--------+--------+--------+--------+--------+-----+--------+
         Total |   1849 |   1849 |      0 |    253 |   1141 |   2 |  924.5 |
       Dungeon |   1849 |   1849 |      0 |    253 |   1141 |   2 |  924.5 |
               +--------+--------+--------+--------+--------+-----+--------+

Top non-repeatable levels by time:
     D:1: 1243 daAuts
     D:2: 606 daAuts
